 Dungeon Sprint DCSS version 0.28.0-1-gb440e238dd (webtiles) character file.

Game seed: 1283888217230822837

391 boopmooplesden the Fighter (level 6, -5/59 HPs)
             Began as a Hill Orc Fighter on Feb 26, 2022.
             Slain by a neqoxec (10 damage)
             ... in the Dungeon (Sprint II: "The Violet Keep of Menkaure").
             The game lasted 00:00:27 (33 turns).

boopmooplesden the Fighter (Hill Orc Fighter)         Turns: 33, Time: 00:00:27

Health: -5/59      AC:  8    Str: 21    XL:     6   Next: 80%
Magic:  6/6        EV:  9    Int:  8    God:
Gold:   0          SH:  5    Dex: 10    Spells: 5/5 levels left

rFire   . . .      SeeInvis .   a - +0 war axe
rCold   . . .      Faith    .   c - +0 buckler
rNeg    . . .      Spirit   .   b - +0 scale mail
rPois   .          Reflect  .   (no helmet)
rElec   .          Harm     .   (no cloak)
rCorr   .          Rampage  .   (no gloves)
Will    .....      NoTele   +   (no boots)
Stlth   ..........              (no amulet)
HPRegen 0.00/turn               (no ring)
MPRegen 0.10/turn               (no ring)

@: mighty, inhibited regen, unable to read
A: deterioration 1, frail 1, screaming 1, inhibited regeneration, no potion heal
1, subdued magic 1, inability to read while threatened
a: no special abilities


You were in the Dungeon.
You visited 1 branch

Inventory:

Hand Weapons
 a - a +0 war axe (weapon)
Armour
 b - a +0 scale mail (worn)
 c - a +0 buckler (worn)
Scrolls
 j - a scroll of blinking
Potions
 g - a potion of haste
 h - 2 potions of magic
 i - a potion of berserk rage


   Skills:
 + Level 10.0 Fighting
 + Level 8.1 Axes
 + Level 8.7 Armour
 + Level 8.5 Shields


You had 5 spell levels left.
You didn't know any spells.
Your spell library was empty.

Dungeon Overview and Level Annotations

Branches:
Dungeon (1/1)

Altars:


Innate Abilities, Weirdness & Mutations

Your body sometimes deteriorates upon taking damage.
You are frail. (-10% HP)
You occasionally shout uncontrollably at your foes.
You do not regenerate when monsters are visible.
Potions are less effective at restoring your health.
Your spells are a little easier to cast, but a little less powerful.
You sometimes lose the ability to read scrolls when taking damage.


Message History

You slash the neqoxec!
You kill the neqoxec!
You feel your intelligence returning.
Your Fighting skill increases to level 10!
Your Axes skill gained 2 levels and is now at level 8!
Your Armour skill increases to level 8!
Your Shields skill increases to level 8!
You closely miss the neqoxec. You block the neqoxec's attack.
The neqoxec gestures at you.
Strange energies course through your body.
You feel the urge to shout.
You slash the neqoxec!
The neqoxec is heavily wounded.
You can read scrolls again.
The neqoxec hits you.
You feel threatened and lose the ability to read scrolls!
* * * LOW HITPOINT WARNING * * *
You feel better.
The neqoxec hits you but does no damage.
You hit the neqoxec.
The neqoxec is severely wounded.
The neqoxec misses you.
You slash the neqoxec!
The neqoxec is almost dead.
The neqoxec hits you.
* * * LOW HITPOINT WARNING * * *
You closely miss the neqoxec.
The neqoxec is almost dead.
You can read scrolls again.
The neqoxec hits you but does no damage.
You closely miss the neqoxec.
The neqoxec is almost dead.
The neqoxec gestures at you.
Strange energies course through your body.
Your system partially rejects the healing effects of potions.
You closely miss the neqoxec.
The neqoxec is severely wounded.
The neqoxec hits you!
You feel threatened and lose the ability to read scrolls!
You die... ## ## ##. .## .. ..
B#B

# #+# .#
##.##.#
+.<@3$#
##.##..#
#+# .# #


You could see a neqoxec.

Vanquished Creatures
  3 neqoxecs (D)
3 creatures vanquished.

Notes
Turn   | Place    | Note
-------+----------+-------------------------------------------
     0 | D        | boopmooplesden the Hill Orc Fighter began the quest for the
                  | Orb.
     0 | D        | Reached XP level 1. HP: 19/19 MP: 1/1
     1 | D        | Noticed a boulder beetle
     1 | D        | Noticed a boulder beetle
     4 | D        | Noticed a neqoxec
     4 | D        | Noticed a neqoxec
     4 | D        | Noticed a neqoxec
     4 | D        | Noticed a neqoxec
     8 | D        | Gained mutation: You sometimes lose the ability to read
                  | scrolls when taking damage. [a neqoxec]
     9 | D        | Killed a neqoxec
    10 | D        | Reached skill level 7 in Fighting
    10 | D        | Reached skill level 5 in Axes
    10 | D        | Reached XP level 2. HP: 10/34 MP: 2/2
    10 | D        | Reached XP level 3. HP: 11/39 MP: 3/3
    10 | D        | Reached XP level 4. HP: 13/47 MP: 4/4
    10 | D        | Reached XP level 5. HP: 15/52 MP: 5/5
    14 | D        | HP: 2/52 [neqoxec (4)]
    15 | D        | Gained mutation: Your spells are a little easier to cast,
                  | but a little less powerful. [a neqoxec]
    16 | D        | Killed a neqoxec
    17 | D        | Reached skill level 9 in Fighting
    17 | D        | Reached XP level 6. HP: 16/63 MP: 6/6
    19 | D        | Gained mutation: You do not regenerate when monsters are
                  | visible. [a neqoxec]
    22 | D        | Gained mutation: Your body sometimes deteriorates upon
                  | taking damage. [a neqoxec]
    23 | D        | Gained mutation: You are frail. (-10% HP) [a neqoxec]
    25 | D        | Killed a neqoxec
    26 | D        | Reached skill level 10 in Fighting
    26 | D        | Gained mutation: You occasionally shout uncontrollably at
                  | your foes. [a neqoxec]
    27 | D        | HP: 1/59 [neqoxec (6)]
    32 | D        | Gained mutation: Potions are less effective at restoring
                  | your health. [a neqoxec]
    33 | D        | Slain by a neqoxec

Illustrated notes

Levels and vault maps discovered:
D:        the_violet_keep_of_menkaure [sprint2_stairs_cluster_1,
          sprint2_shoproom, sprint2_temple, sprint2_basic_supplies,
          sprint2_obstacle_4, sprint2_obstacle_1, sprint2_obstacle_3,
          sprint2_obstacle_6, sprint2_obstacle_5, sprint2_timed_cluster_1,
          sprint2_smallroom_cluster_1, sprint2_smallroom_final_cluster_1,
          sprint2_transparent_cluster_1, sprint2_second_timed_cluster_1,
          sprint2_sniper_area_1, sprint2_heavy_combat_area_1,
          sprint2_mutation_trap_area_1, sprint2_forest_area_1,
          sprint2_light_combat_area_1, sprint2_behind_water_1,
          sprint2_near_end_vault_1]

Skill      XL: |  1  2  3  4  5  6 |
---------------+-------------------+-----
Fighting       | 7 9 10 | 10.0
Axes           | 5 6 8 |  8.1
Armour         | 6 7 8 |  8.7
Shields        | 6 7 8 |  8.5

Action                   |  1- 3 |  4- 6 || total
-------------------------+-------+-------++-------
Melee: War axe           |     4 |    22 ||    26
  Use: Potion            |     1 |     2 ||     3
Armor: Scale mail        |       |     2 ||     2
Dodge: Dodged            |     1 |     5 ||     6
Block: Buckler           |     1 |     4 ||     5
